 Dungeon Crawl Stone Soup version 0.31-a0-188-g5e087ee2ca (webtiles) character file.

Game seed: 17164481889262457020

39 qw the Shooter (level 3, 0/20 HPs)
             Began as a Deep Elf Hunter on June 23, 2023.
             Succumbed to their own poison gas
             ... on level 1 of the Dungeon.
             The game lasted 00:00:20 (522 turns).

qw the Shooter (Deep Elf Hunter)                     Turns: 522, Time: 00:00:21

Health: 0/20       AC:  6    Str: 10    XL:     3   Next: 26%
Magic:  5/5        EV:  9    Int: 13    God:
Gold:   92         SH:  0    Dex: 24    Spells: 2/2 levels left

rFire   . . .        Y - +0 shortbow
rCold   . . .        (shield currently unavailable)
rNeg    . . .        g - +0 scale mail
rPois   .            (no helmet)
rElec   .            (no cloak)
rCorr   .            (no gloves)
SInv    .            (no boots)
Will    .....        (no amulet)
Stlth   +            e - +6 ring of dexterity
HPRegen 0.23/turn    (no ring)
MPRegen 0.09/turn

%: no passive effects
@: lethally poisoned (0 -> -1)
A: no striking features
a: no special abilities


You were on level 1 of the Dungeon.
You visited 1 branch of the dungeon, and saw 1 of its levels.

You collected 92 gold pieces.


   Skills:
 - Level 1.5 Fighting
 + Level 6.8 Ranged Weapons
 - Level 2.4 Dodging
 - Level 1.2 Stealth


You had 2 spell levels left.
You didn't know any spells.
Your spell library was empty.

Inventory:

Hand Weapons
 Y - a +0 shortbow (weapon)
Armour
 g - a +0 scale mail (worn)
Jewellery
 e - a +6 ring of dexterity (left hand)
Potions
 d - a potion of heal wounds {unknown}
 i - a potion of curing {unknown}

Dungeon Overview and Level Annotations

Branches:
Dungeon (1/15)

Altars:


Message History

512 ||| READING scroll labelled FISUNO MOOMN.
As you read the scroll labelled FISUNO MOOMN, it crumbles to dust.
It is a scroll of identify.
Really abort (and waste the scroll)?
Done exploring.
513 ||| DROPPING scroll of butterflies.
You drop a scroll of butterflies.
Done exploring.
(D) Dungeon
Where to? (* - list waypoints, ? - help)
What level of the Dungeon? (default 1, ? - help) Sorry, I don't know how to get there.
Enter note:
Enter note:
Enter note:
Enter note:
Enter note:
Enter note:
Enter note:
Enter note:
Enter note: Really walk into that cloud of poison gas?
You are engulfed in poison gas.
You are poisoned.
You feel very sick.
515 ||| Stepping ~*~*~tactically~*~*~ (cloud).
You feel very sick.
You see here 3 stones.
There is a lethal amount of poison in your body!
You feel sick.
There is a lethal amount of poison in your body!
You feel sick.
There is a lethal amount of poison in your body!
You feel sick.
There is a lethal amount of poison in your body!
You feel sick.
There is a lethal amount of poison in your body!
You feel sick.
There is a lethal amount of poison in your body!
You feel sick.
There is a lethal amount of poison in your body!
You die...

######.# #..#.## ## #.#
##..#.# .## #.# #...#.#
..## #.######.#0#0######
...###.##.###.#0#0######
#...##..#00##0#0..######
##......#.000.00)00#####
##.....#¤¤00¤¤0#.0#####
##....#¤¤¤0000@00¤####
##.....#¤(¤¤¤¤0#......#
##......#¤0¤.¤0¤?¤.¤.00#
........#¤¤00¤¤¤#¤######
##....<.#¤.¤0..0#0######
#......#000000...######
####'###00¤.0.¤.#######
#.# #.######.####### #.#
#........#######


There were no monsters in sight!

Vanquished Creatures
  A gnoll (D:1)
  A dart slug (D:1)
  4 endoplasms (D:1)
  2 giant cockroaches (D:1)
  4 goblins (D:1)
  2 hobgoblins (D:1)
  2 jackals (D:1)
  2 kobolds (D:1)
  A quokka (D:1)
  2 ball pythons (D:1)
  A bat (D:1)
  A frilled lizard (D:1)
  A rat (D:1)
24 creatures vanquished.

Notes
Turn   | Place    | Note
-------+----------+-------------------------------------------
     0 | D:1      | qw the Deep Elf Hunter began the quest for the Orb.
     0 | D:1      | Reached XP level 1. HP: 12/12 MP: 3/3
     0 | D:1      | 0 ||| qw: Version: 0.3-a-9-g12657ce
     0 | D:1      | 0 ||| qw: Game counter: 3391
     0 | D:1      | 0 ||| qw: Always use a shield: true
     0 | D:1      | 0 ||| qw: God list: Okawaru
     0 | D:1      | 0 ||| qw: Allow faded altars: false
     0 | D:1      | 0 ||| qw: Do Orc after D:15 true
     0 | D:1      | 0 ||| qw: Do second Lair branch before Depths: true
     0 | D:1      | 0 ||| qw: Lair rune preference: random
     0 | D:1      | 0 ||| qw: Plans: Normal
     0 | D:1      | 0 ||| PLANNING D:1-11
    47 | D:1      | Reached XP level 2. HP: 13/16 MP: 4/4
    48 | D:1      | Reached skill level 6 in Ranged Weapons
    50 | D:1      | 50 ||| FLEEEEING.
    80 | D:1      | 80 ||| FLEEEEING.
    81 | D:1      | 81 ||| FLEEEEING.
    82 | D:1      | 82 ||| FLEEEEING.
    83 | D:1      | 83 ||| FLEEEEING.
    84 | D:1      | 84 ||| FLEEEEING.
    85 | D:1      | 85 ||| FLEEEEING.
    87 | D:1      | 87 ||| FLEEEEING.
   193 | D:1      | Reached XP level 3. HP: 18/20 MP: 5/5
   458 | D:1      | 458 ||| UPGRADING to +0 scale mail.
   468 | D:1      | 468 ||| DROPPING +0 leather armour.
   469 | D:1      | 469 ||| UPGRADING to +6 ring of dexterity.
   470 | D:1      | 470 ||| READING scroll labelled XAZXUAS XOUFA.
   471 | D:1      | 471 ||| READING scroll labelled SOULUOJ YWANNAOMU.
   472 | D:1      | 472 ||| READING scroll labelled JUEMAR JYTHRIU.
   511 | D:1      | 511 ||| READING scroll labelled EKOGUI QEQAUKO.
   512 | D:1      | 512 ||| READING scroll labelled FISUNO MOOMN.
   513 | D:1      | 513 ||| DROPPING scroll of butterflies.
   515 | D:1      | 515 ||| Stepping ~*~*~tactically~*~*~ (cloud).
   517 | D:1      | HP: 4/20 [poisoned by you (poison gas)]
   521 | D:1      | HP: 1/20 [poisoned by you (poison gas)]
   522 | D:1      | Succumbed to their own poison gas

Levels and vault maps discovered:
D:1:      elethiomel_arrival_shortcut, layout_rooms, minmay_pentomino_v4

Skill      XL: |  1  2 |
---------------+-------+-----
Ranged Weapons | 6 |  6.8
Fighting       | |  1.5
Dodging        | |  2.4
Stealth        | |  1.2

Action                     || total
---------------------------++-------
   Fire: Shortbow          ||    69
    Use: Scroll            ||     5
 Armour: Leather armour    ||     6
  Dodge: Dodged            ||    18

Table legend:
 A = Non-vault XP
 B = Vault XP
 C = Vault XP percentage of total XP
 D = Non-vault monster count
 E = Vault monster count
 F = Vault count percentage of total count
                 A         B        C        D         E       F
            +---------+---------+-------+---------+---------+-------
      Total |      49 |       7 |  12.5 |      20 |       4 |  16.7
            +---------+---------+-------+---------+---------+-------
        D:1 |      49 |       7 |  12.5 |      20 |       4 |  16.7
            +---------+---------+-------+---------+---------+-------
